 Dungeon Crawl Stone Soup version 0.29.1-13-g9f3cf754e1 (webtiles) character file.

Game seed: 11752582665940794192

119 MacCMillion the Stinger (level 5, -2/34 (42) HPs)
             Began as a Naga Venom Mage on Feb 11, 2023.
             Was an Initiate of Kikubaaqudgha.
             Slain by a necrophage (5 damage)
             ... on level 3 of the Dungeon.
             The game lasted 00:07:14 (2566 turns).

MacCMillion the Stinger (Naga Venom Mage)           Turns: 2566, Time: 00:07:15

HP:   -2/34 (42)    AC:  3    Str: 10    XL:     5   Next: 3%
MP:   8/8           EV:  9    Int: 18    God:    Kikubaaqudgha [......]
Gold: 53            SH:  0    Dex: 11    Spells: 5/8 levels left

rFire   . . .      SeeInvis +   d - +0 dagger
rCold   . . .      Faith    .   (no shield)
rNeg    . . .      Spirit   .   a - +0 robe
rPois   +          Reflect  .   (no helmet)
rElec   .          Harm     .   (no cloak)
rCorr   .          Rampage  .   e - +0 pair of gloves
Will    .....                   (no barding)
Stlth   ++........              (no amulet)
HPRegen 0.11/turn               (no ring)
MPRegen 0.11/turn               (no ring)

@: heavily drained, very slow
A: AC +1, large, see invisible, deformed body, poison resistance, slowness 2,
spit poison 1, naga tail 1
a: Spit Poison, Renounce Religion


You were on level 3 of the Dungeon.
You worshipped Kikubaaqudgha.
Kikubaaqudgha was noncommittal.
You visited 1 branch of the dungeon, and saw 3 of its levels.

You collected 53 gold pieces.

Inventory:

Hand Weapons
 d - a +0 dagger (weapon)
Missiles
 k - 2 poisoned darts
Armour
 a - a +0 robe (worn)
 e - a +0 pair of gloves (worn)
Scrolls
 c - a scroll of immolation {unknown}
 f - a scroll of fear {unknown}
 j - a scroll of identify {unknown}
Potions
 b - a potion of magic
 g - a potion of invisibility
 h - a potion of might {unknown}
 i - a potion of haste {unknown}


   Skills:
 - Level 1.5 Dodging
 - Level 3.0 Stealth
 - Level 2.0 Spellcasting
 - Level 1.0 Transmutations
 + Level 2.9 Air Magic
 - Level 6.0 Poison Magic


You had 5 spell levels left.
You knew the following spells:

 Your Spells              Type           Power      Damage    Failure   Level
a - Sting                 Tmut/Pois      56%        1d5       4%          1
b - Poisonous Vapours     Pois/Air       34%        N/A       4%          2

Your spell library contained the following spells:

 Spells                   Type           Power      Damage    Failure   Level
 Mephitic Cloud           Conj/Pois/Air  12%        N/A       16%         3
 Olgreb's Toxic Radiance  Pois           23%        N/A       16%         4
 Apportation              Tloc           2%         N/A       19%         1
 Necrotise                Necr           4%         1d4       19%         1
 Summon Small Mammal      Summ           4%         N/A       19%         1


Dungeon Overview and Level Annotations

Branches:
Dungeon (3/15)

Altars:
Kikubaaqudgha

Shops:
D:1 =

Annotations:
D:3 Natasha


Innate Abilities, Weirdness & Mutations

Your serpentine skin is tough. (AC +1)
You have supernaturally acute eyesight. (SInv)
Armour fits poorly on your strangely shaped body.
Your system is resistant to poisons. (rPois)
You cover ground very slowly.
You can spit poison.
You have a snake-like lower body.


Message History

The necrophage hits you but does no damage.
You closely miss the necrophage.
The necrophage is lightly damaged.
The necrophage barely misses you.
You barely miss the necrophage.
The necrophage is lightly damaged.
The necrophage hits you.
You are too injured to fight recklessly!
You are too injured to fight recklessly!
You are too injured to fight recklessly!
You hit the necrophage.
The necrophage is lightly damaged.
The necrophage hits you.
* * * LOW HITPOINT WARNING * * *
You feel drained.
You barely miss the necrophage.
The necrophage is lightly damaged.
The necrophage hits you.
* * * LOW HITPOINT WARNING * * *
You feel drained.
* * * LOW HITPOINT WARNING * * *
You barely miss the necrophage.
The necrophage is lightly damaged.
The necrophage hits you.
* * * LOW HITPOINT WARNING * * *
You hit the necrophage.
The necrophage is lightly damaged.
The necrophage hits you.
* * * LOW HITPOINT WARNING * * *
You hit the necrophage but do no damage.
The necrophage is lightly damaged.
The necrophage barely misses you.
You hit the necrophage but do no damage.
The necrophage is lightly damaged.
The necrophage barely misses you.
You hit the necrophage.
The necrophage is lightly damaged.
The necrophage hits you.
You die...
Kikubaaqudgha rasps: "You have failed me!
Welcome... death!"

#.......†.#.#
#........##..
##.#####.####
#.# #.# #.#
#.# #.# #.#
#.# #..
#.#######
#.@n...#
######.# .#
.# n# .# .#
..


You could see a necrophage.

Vanquished Creatures
  2 orc wizards (D:3)
  2 adders (D:3)
  2 dart slugs
  5 orcs (D:3)
  3 endoplasms (D:1)
  2 giant cockroaches
  5 goblins
  4 hobgoblins
  2 quokkas (D:1)
  A ball python (D:1)
  7 bats
  2 frilled lizards (D:1)
  A kobold (D:1)
  3 rats
41 creatures vanquished.

Vanquished Creatures (others)
  2 fungi (D:3)
  3 plants (D:3)
5 creatures vanquished.

Grand Total: 46 creatures vanquished

Notes
Turn   | Place    | Note
-------+----------+-------------------------------------------
     0 | D:1      | MacCMillion the Naga Venom Mage began the quest for the
                  | Orb.
     0 | D:1      | Reached XP level 1. HP: 15/15 MP: 3/3
    99 | D:1      | Found Boshetz's Jewellery Shoppe.
   323 | D:1      | Reached XP level 2. HP: 19/22 MP: 0/5
   483 | D:1      | Learned a level 2 spell: Poisonous Vapours
   628 | D:1      | Reached skill level 5 in Poison Magic
  1322 | D:1      | Found a faded altar of an unknown god.
  1329 | D:1      | Reached XP level 3. HP: 28/28 MP: 4/6
  1525 | D:2      | You fall into a shaft and drop 1 floor!
  1693 | D:3      | Reached skill level 6 in Poison Magic
  1726 | D:3      | Reached skill level 1 in Air Magic
  1726 | D:3      | Reached XP level 4. HP: 10/36 MP: 1/7
  2052 | D:3      | Noticed Natasha
  2218 | D:3      | Found an ancient bone altar of Kikubaaqudgha.
  2225 | D:3      | Became a worshipper of Kikubaaqudgha
  2448 | D:3      | Reached XP level 5. HP: 39/42 MP: 0/8
  2566 | D:3      | Slain by a necrophage

Illustrated notes

Levels and vault maps discovered:
D:1:      minmay_arrival_four_circles, layout_basic, serial_shops,
          nicolae_shop_crystal, shapermc_ecumenical_altar_gd
D:2:      layout_rooms, amcnicky_mini_rare_corridor_liquid,
          columned_hall_lemuel, dreamdust_princess_corridor
D:3:      layout_loops_ring, nicolae_ru_the_path_less_chosen,
          lemuel_crystal_altar, trog_butcher_becter, uniq_natasha

Skill      XL: |  1  2  3  4 |
---------------+-------------+-----
Poison Magic   | 5 6 |  6.0
Air Magic      | 1 2 |  2.9
Dodging        | |  1.5
Stealth        | |  3.0
Spellcasting   | |  2.0
Transmutations | |  1.0

Action                   |  1- 3 |  4- 6 || total
-------------------------+-------+-------++-------
Melee: Club              |    12 |       ||    12
       Unarmed           |     1 |       ||     1
       Short sword       |     4 |       ||     4
       Dagger            |    16 |    31 ||    47
       Punch             |       |     1 ||     1
 Cast: Sting             |    59 |    31 ||    90
  Use: Potion            |     1 |       ||     1
 Stab: Sleeping          |     1 |       ||     1
       Invisible         |     1 |       ||     1
Armor: Robe              |    24 |     8 ||    32
Dodge: Dodged            |    39 |    18 ||    57
